 Dungeon Crawl Stone Soup version 0.27-a0-1359-ga2a4dfd6fd (webtiles) character file.

Game seed: 14069526686295160479

174 ziltoidlt the Shield-Bearer (level 5, -3/38 HPs)
             Began as a Djinni Fire Elementalist on June 28, 2021.
             Killed by nerve-wracking pain
             ... invoked by an orc priest
              (10 damage)
             ... on level 4 of the Dungeon.
             The game lasted 00:10:59 (3458 turns).

ziltoidlt the Shield-Bearer (DjFE)                  Turns: 3458, Time: 00:10:59

Health: -3/38      AC:  3    Str:  7    XL:     5   Next: 84%
Gold:   121        EV: 12    Int: 17    God:
                   SH:  5    Dex: 14

rFire    + + +     SeeInvis .   d - +0 dagger
rCold    x . .     Faith    .   g - +0 buckler
rNeg     . . .     Spirit   .   j - +1 robe {rF+}
rPois    ∞         Reflect  .   (no helmet)
rElec    .         Harm     .   (no cloak)
rCorr    .         Rampage  .   (no gloves)
Will     .....                  (boots unavailable)
Stlth    ++........             m - amulet of the acrobat
HPRegen  0.12/turn              (no ring)
MPRegen  0.00/turn              (no ring)

@: flying
A: sickness immunity, fire resistance 2, cold vulnerability 1, float, innate
caster, hp casting, extra vitality 1
a: no special abilities


You were on level 4 of the Dungeon.
You visited 1 branch of the dungeon, and saw 4 of its levels.

You collected 121 gold pieces.

Inventory:

Hand Weapons
 d - a +0 dagger (weapon)
Missiles
 e - 18 poisoned darts
 f - 37 stones
Armour
 g - a +0 buckler (worn)
 j - a +1 robe of fire resistance (worn)
Magical Staves
 n - a staff of air
Jewellery
 m - an amulet of the acrobat (around neck)
Scrolls
 a - a scroll of amnesia {unknown}
 c - a scroll of blinking
 h - 3 scrolls of teleportation
 i - 5 scrolls of identify
 k - a scroll of enchant armour {unknown}
 l - a scroll of summoning {unknown}
 p - 2 scrolls of enchant weapon {unknown}
Potions
 o - a potion of heal wounds


   Skills:
 - Level 2.1 Fighting
 - Level 0.6 Short Blades
 - Level 2.8 Dodging
 - Level 1.9 Stealth
 + Level 3.7 Shields
 - Level 2.4 Spellcasting


You couldn't memorise any spells.
You knew the following spells:

 Your Spells              Type           Power      Damage    Failure   Level
a - Foxfire               Conj/Fire      40%        2x1d6     7%          1
b - Conjure Flame         Conj/Fire      10%        6-21      22%         3
c - Inner Flame           Hex/Fire       10%        N/A       22%         3
d - Sticky Flame          Conj/Fire      10%        2d3       56%         4
e - Fireball              Conj/Fire      5%         3d5       89%         5
f - Pain                  Necr           40%        1d6       7%          1
g - Corpse Rot            Necr/Air       N/A        N/A       11%         2
Your spell library was empty.

Dungeon Overview and Level Annotations

Branches:
Dungeon (4/15)
 Temple: D:4-7

Altars:

Annotations:
D:3 1 runed translucent door, Crazy Yiuf


Innate Abilities, Weirdness & Mutations

You are immune to sickness and miasma.
You are immune to poison.
Your flesh is very heat resistant. (rF++)
You are vulnerable to cold. (rC-)
You float through the air rather than walking.
You learn spells naturally, not from books.
Your magical power is your life essence.
You have superior vitality. (+4 HP)


Message History

You block the orc priest's attack. The orc misses you.
Casting: Foxfire (safe; 7% risk of failure)
Press: ? - help, Q - select action, (/) - cycle Dir - look around, f - activate You conjure some foxfire!
You block the orc priest's attack. The orc hits you with a +0 club.
You hit the orc priest but do no damage.
The orc priest is moderately wounded.
The foxfire hits the orc priest but does no damage.
The orc priest is moderately wounded.
The foxfire hits the orc priest.
The orc priest is heavily wounded.
The orc priest hits you with a +0 club. The orc closely misses you.
Casting: Foxfire (safe; 7% risk of failure)
Press: ? - help, Q - select action, (/) - cycle Dir - look around, f - activate You conjure some foxfire!
The orc priest hits you with a +0 club.
* * * LOW HITPOINT WARNING * * *
The orc closely misses you.
You closely miss the orc priest.
The orc priest is heavily wounded.
The foxfire hits the orc priest.
The orc priest is severely wounded.
The foxfire hits the orc priest.
The orc priest is severely wounded.
The orc priest closely misses you. The orc barely misses you.
Casting: Foxfire (safe; 7% risk of failure)
Press: ? - help, Q - select action, (/) - cycle Dir - look around, f - activate You conjure some foxfire!
* * * LOW HITPOINT WARNING * * *
You block the orc priest's attack. The orc hits you with a +0 club.
* * * LOW HITPOINT WARNING * * *
You hit the orc priest but do no damage.
The orc priest is severely wounded.
The foxfire hits the orc priest but does no damage.
The orc priest is severely wounded.
The foxfire hits the orc priest.
The orc priest is almost dead.
The orc priest calls down the wrath of Beogh upon you.
Pain shoots through your body!
You die...

*,,,,,,*,,,,,,,,,**,,,,,*****
****,,,,,,*,,,,,,,,,**,,,,,*,,,**
,,,,,,,,,,,,,,,,,,,,,,,,,,,,,,,,,
****,,,,,,*,,,,,,,,,**,,,,,*,,,**
,,**********###*************,,,*
,,* *#######.§≈≈≈≈≈≈∩≈* *****
,,****........####****** **
,,,,,,....:....oo## *,* *,
****,*........##@.# *,* *,
,,,,,*.......o###§# *,* *,
,,,,,*........# #.# *,* **
,,,,,*........# #.## *,* *
,,,,,*........# #..# *,******** *
*,,,,*######### ##.# *,,,,,,,,* *
*,,,,*,,,,,,* #.# *,,,,,,,,*
*,,,,*,****,* #.#**,,,,,,,,*
*,,,,*,* *,* #.##,....,****


You could see an orc priest and an orc.

Vanquished Creatures
  A phantom (D:4)
  3 adders
  A worm (D:2)
  A dart slug (D:1)
  2 orcs (D:4)
  9 bats
  4 endoplasms
  A giant cockroach (D:2)
  9 goblins
  2 hobgoblins
  11 jackals (D:1)
  6 kobolds
  A ball python (D:1)
  2 frilled lizards
  6 rats
59 creatures vanquished.

Vanquished Creatures (others)
  144 foxfires
144 creatures vanquished.

Grand Total: 203 creatures vanquished

Notes
Turn   | Place    | Note
-------+----------+-------------------------------------------
     0 | D:1      | ziltoidlt the Djinni Fire Elementalist began the quest for
                  | the Orb.
     0 | D:1      | Reached XP level 1. HP: 15/15 MP: 0/0
   259 | D:1      | Reached XP level 2. HP: 20/22 MP: 0/0
   400 | D:1      | Reached skill level 1 in Fighting
   764 | D:1      | Reached XP level 3. HP: 25/27 MP: 0/0
   764 | D:1      | Learned a level 1 spell: Pain
  1773 | D:2      | Reached XP level 4. HP: 29/33 MP: 0/0
  1774 | D:2      | Reached skill level 1 in Shields
  3206 | D:3      | Found a runed translucent door.
  3207 | D:3      | Noticed Crazy Yiuf
  3292 | D:4      | Noticed a phantom
  3302 | D:4      | Killed a phantom
  3303 | D:4      | Reached skill level 3 in Shields
  3303 | D:4      | Reached XP level 5. HP: 26/38 MP: 0/0
  3303 | D:4      | Learned a level 2 spell: Corpse Rot
  3458 | D:4      | Killed from afar by an orc priest

Illustrated notes

Levels and vault maps discovered:
D:1:      dpeg_arrival_renting, layout_basic, minivault_4
D:2:      layout_basic
D:3:      minmay_spotlight, layout_loops_ring, minmay_misc_feat_hallway,
          uniq_crazy_yiuf_cottage
D:4:      layout_basic, portal_sewer_entry_d

Skill      XL: |  1  2  3  4 |
---------------+-------------+-----
Fighting       | 1 2 |  2.1
Shields        | 3 |  3.7
Short Blades   | |  0.6
Dodging        | |  2.8
Stealth        | |  1.9
Spellcasting   | |  2.4

Action                   |  1- 3 |  4- 6 || total
-------------------------+-------+-------++-------
Melee: Dagger            |    24 |    11 ||    35
 Cast: Foxfire           |    59 |    36 ||    95
       Pain              |       |    16 ||    16
  Use: Scroll            |       |     5 ||     5
Armor: Robe              |     8 |     9 ||    17
Dodge: Dodged            |    29 |    26 ||    55
Block: Buckler           |     1 |    10 ||    11

Table legend: (Time is in decaauts)
 A = Elapsed time spent in this place.
 B = Non-inter-level travel time spent in this place.
 C = Inter-level travel time spent in this place.
 D = Time resting spent in this place.
 E = Time spent auto-exploring this place.
 F = Levels seen in this place.
 G = Mean time per level.
                   A        B        C        D        E       F      G
               +--------+--------+--------+--------+--------+-----+--------+
         Total |   3457 |   3362 |     95 |    639 |   2261 |   4 |  864.2 |
       Dungeon |   3457 |   3362 |     95 |    639 |   2261 |   4 |  864.2 |
               +--------+--------+--------+--------+--------+-----+--------+

Top non-repeatable levels by time:
     D:1: 1501 daAuts
     D:3: 1107 daAuts
     D:2: 673 daAuts
     D:4: 175 daAuts
